 Dungeon Crawl Stone Soup version 0.32-a0-779-g362cfcae2a (webtiles) character file.

Game seed: 899383355179108760

8658 Turgor the Skirmisher (level 11, -4/92 HPs)
             Began as a Coglin Hunter on Mar 19, 2024.
             Was an Initiate of Gozag.
             Killed from afar by an acid dragon (10 damage)
             ... with a splash of acid
             ... on level 9 of the Dungeon.
             The game lasted 00:31:40 (9852 turns).

Turgor the Skirmisher (Coglin Hunter)               Turns: 9852, Time: 00:31:41

Health: -4/92      AC:  7    Str: 11    XL:     11   Next: 34%
Magic:  11/11      EV:  8    Int: 10    God:    Gozag
Gold:   1058       SH:  0    Dex: 21    Spells: 10/10 levels left

rFire   + . .        a - +3 sling {Ahhotep}
rCold   . . .        d - +0 sling {Tawil}
rNeg    . . .        z - +1 scale mail {rF+}
rPois   .            f - +0 helmet
rElec   .            (no cloak)
rCorr   .            w - +2 pair of gloves
SInv    .            (no boots)
Will    .....        (amulet unavailable)
Stlth   +            (ring unavailable)
HPRegen 0.35/turn    (ring unavailable)
MPRegen 0.12/turn    (no gizmo)

%: no passive effects
@: corroded, gold aura, revved
A: off-hand wielding, slow wielding, warmup strikes, no jewellery
a: Invent Gizmo, Renounce Religion, Potion Petition, Call Merchant, Bribe Branch


You were on level 9 of the Dungeon.
You worshipped Gozag.
Gozag was most pleased with you.
You visited 2 branches of the dungeon, and saw 12 of its levels.

You collected 1324 gold pieces.
You spent 218 gold pieces at shops.
You paid 48 gold pieces to Gozag.

Inventory:

Hand Weapons
 a - a +3 sling (weapon) {Ahhotep}
 d - a +0 sling (offhand) {Tawil}
Missiles
 k - 12 poisoned darts
Armour
 f - a +0 helmet (worn)
 w - a +2 pair of gloves (worn)
 z - a +1 scale mail of fire resistance (worn)
Wands
 e - a wand of flame (3)
Scrolls
 r - 2 scrolls of immolation
 s - 2 scrolls of enchant armour
 t - a scroll of fear
 x - a scroll of revelation {unknown}
Potions
 b - 2 potions of berserk rage
 g - 2 potions of mutation
 h - a potion of lignification
 i - a potion of cancellation
 l - a potion of curing
 n - a potion of ambrosia
 p - a potion of might
 q - a potion of enlightenment
 u - a potion of invisibility {unknown}


   Skills:
 + Level 10.3 Fighting
 * Level 13.4 Ranged Weapons
 - Level 1.7 Dodging
 - Level 0.7 Stealth


You had 10 spell levels left.
You didn't know any spells.
Your spell library contained the following spells:

 Spells                   Type           Power      Damage    Failure   Level
 Magic Dart               Conj           0%         1d3       94%         1
 Searing Ray              Conj           0%         2d4       98%         2
 Dazzling Flash           Conj/Hex       0%         N/A       100%        3
 Fulminant Prism          Conj/Alch      0%         3d5       100%        4
 Starburst                Conj/Fire      0%         6d3       100%        6
 Maxwell's Capacitive Co  Air            0%         ∞         100%        8


Dungeon Overview and Level Annotations

Branches:
Dungeon (11/15)            Temple (1/1) D:4
   Lair: D:8-11         Orc: D:9-12

Altars:
Ashenzari
Cheibriados
Dithmenos
Elyvilon
Fedhas
Gozag
Hepliaklqana
Kikubaaqudgha
Makhleb
Nemelex Xobeh
Okawaru
Qazlal
Ru
Sif Muna
Trog
Uskayaw
Vehumet
Xom
Yredelemnul
Zin
The Shining One

Shops:
D:2 *   D:6 *

Annotations:
D:4 Duvessa


Innate Abilities, Weirdness & Mutations

You can wield a second weapon in your off-hand.
It takes a long time for you to wield or remove held weapons.
Your first few attacks do less damage.
You cannot equip rings or amulets.


Message History

The splash of acid hits you!
* * * LOW HITPOINT WARNING * * *
The acid corrodes you!
You hear a shout! x2
Fire: a) +3 sling {Ahhotep}
Press: ? - help, Q - select action, (/) - cycle Shift-Dir - straight line, f/p - acid dragon
Aim: an acid dragon (catching its breath, 73% to hit)
You shoot a sling bullet.
The sling bullet hits the acid dragon but does no damage.
You shoot a sling bullet. The sling bullet hits the acid dragon.
The acid dragon is lightly wounded.
The acid dragon bites you.
* * * LOW HITPOINT WARNING * * *
The acid dragon claws you.
* * * LOW HITPOINT WARNING * * *
Unknown command.
Fire: a) +3 sling {Ahhotep}
Press: ? - help, Q - select action, (/) - cycle Shift-Dir - straight line, f/p - acid dragon
Aim: an acid dragon (lightly wounded, catching its breath, 73% to hit)
You shoot a sling bullet. The sling bullet hits the acid dragon!
The acid dragon is moderately wounded.
You shoot a sling bullet. The sling bullet hits the acid dragon.
The acid dragon is heavily wounded.
The acid dragon bites you but does no damage.
The acid dragon claws you.
* * * LOW HITPOINT WARNING * * *
Unknown command.
Fire: a) +3 sling {Ahhotep}
Press: ? - help, Q - select action, (/) - cycle Shift-Dir - straight line, f/p - acid dragon
Aim: an acid dragon (heavily wounded, 73% to hit)
You shoot a sling bullet.
The sling bullet hits the acid dragon but does no damage.
The acid dragon is heavily wounded.
You shoot a sling bullet.
The sling bullet hits the acid dragon but does no damage.
The acid dragon is heavily wounded.
The acid dragon spits acid at you. The splash of acid hits you!
You die...
Your body crumbles into a pile of gold.

.<......#
#...#
##......#
#.###
######..#
#...# # #..#
###.########.#
######.##
#........F..
#.......#
#....###..
....#.#.#
####.#
ß.ß...#.# #D#
......#.# #@#
.ß.ß....# #.#
.....#### #.#
####.# #.# #<#
#.# ### #.#
#.# #..


You could see an acid dragon (catching breath).

Vanquished Creatures
  3 two-headed ogres
  A komodo dragon (D:10)
  Psyche (D:8)
  3 trolls
  2 wyverns
  5 yaks (D:9)
  Menkaure (D:4)
  2 steam dragons
  Edmund (D:4)
  A water moccasin (D:6)
  5 orc warriors
  2 black bears
  2 ice beasts (D:6)
  2 sky beasts
  9 centaurs
  2 ogres (D:5)
  3 phantoms
  2 kobold brigands
  4 bullfrogs
  A scorpion (D:5)
  10 wights
  Dowan (D:4)
  6 killer bees (D:7)
  A howler monkey (D:7)
  A bombardier beetle (D:3)
  5 hounds
  A jelly (D:7)
  2 orc priests
  A sleepcap (D:5)
  Ijyb (D:3)
  An iguana (D:5)
  8 orc wizards
  Robin (D:3)
  3 gnolls (D:5)
  6 adders
  2 ufetubi (D:6)
  4 dart slugs
  27 orcs
  10 ball pythons
  6 endoplasms
  A giant cockroach (D:3)
  19 goblins
  7 hobgoblins
  3 jackals (D:2)
  12 kobolds
  2 quokkas
  8 bats
  4 frilled lizards
  4 rats
209 creatures vanquished.

Notes
Turn   | Place    | Note
-------+----------+-------------------------------------------
     0 | D:1      | Turgor the Coglin Hunter began the quest for the Orb.
     0 | D:1      | Reached XP level 1. HP: 16/16 MP: 1/1
   141 | D:1      | Reached XP level 2. HP: 22/22 MP: 2/2
   155 | D:1      | Reached skill level 4 in Ranged Weapons
   289 | D:1      | Reached XP level 3. HP: 28/28 MP: 3/3
   754 | D:2      | Found Subomi's General Store.
   762 | D:2      | Bought a scroll of poison for 44 gold pieces
  1210 | D:2      | Reached XP level 4. HP: 34/34 MP: 4/4
  1509 | D:3      | Noticed Robin
  1526 | D:3      | Killed Robin
  1727 | D:3      | Noticed Ijyb
  1743 | D:3      | Killed Ijyb
  1744 | D:3      | Reached skill level 5 in Ranged Weapons
  1744 | D:3      | Reached XP level 5. HP: 23/41 MP: 5/5
  1986 | D:3      | Found a shadowy altar of Dithmenos.
  2399 | D:4      | Noticed a phantom
  2407 | D:4      | Killed a phantom
  2408 | D:4      | Reached XP level 6. HP: 34/48 MP: 6/6
  2467 | D:4      | Noticed a black bear
  2484 | D:4      | Noticed Edmund
  2493 | D:4      | Killed Edmund
  2494 | D:4      | Reached skill level 6 in Ranged Weapons
  2622 | D:4      | Found a staircase to the Ecumenical Temple.
  2639 | Temple   | Entered the Ecumenical Temple
  2661 | Temple   | Became a worshipper of Gozag Ym Sagoz the Greedy
  2947 | D:4      | Noticed Menkaure
  2955 | D:4      | Killed Menkaure
  2956 | D:4      | Reached XP level 7. HP: 23/55 MP: 7/7
  3318 | D:4      | Noticed Dowan
  3320 | D:4      | Noticed Duvessa
  3343 | D:4      | Reached skill level 7 in Ranged Weapons
  3351 | D:4      | Killed Dowan
  3352 | D:4      | Reached skill level 5 in Fighting
  3617 | D:5      | Entered Level 5 of the Dungeon
  4047 | D:5      | Reached XP level 8. HP: 62/62 MP: 8/8
  4350 | D:5      | Reached skill level 8 in Ranged Weapons
  4752 | D:6      | Noticed a wyvern
  4895 | D:6      | Reached skill level 9 in Ranged Weapons
  5003 | D:6      | Killed a wyvern
  5004 | D:6      | Reached XP level 9. HP: 46/71 MP: 9/9
  5392 | D:6      | Found Pootiniq's General Store.
  5401 | D:6      | Bought a scroll of identify for 24 gold pieces
  5401 | D:6      | Bought a scroll of enchant armour for 90 gold pieces
  5401 | D:6      | Bought a potion of heal wounds for 60 gold pieces
  5641 | D:7      | Reached skill level 10 in Ranged Weapons
  6661 | D:8      | You fall into a shaft and drop 2 floors!
  6661 | D:10     | Entered Level 10 of the Dungeon
  6813 | D:10     | Reached XP level 10. HP: 80/80 MP: 10/10
  6840 | D:10     | Reached skill level 11 in Ranged Weapons
  6864 | D:10     | Noticed a two-headed ogre
  6879 | D:10     | Killed a two-headed ogre
  6936 | D:10     | Identified the +0 morningstar "Qesekum" {flame, ^Drain
                  | Str+4}
  7721 | D:11     | Noticed an elephant
  7751 | D:11     | Reached skill level 12 in Ranged Weapons
  8066 | D:9      | Identified the +1 robe of Farfalle {Rampage *Slow rC+
                  | rCorr}
  8442 | D:9      | Reached XP level 11. HP: 83/90 MP: 11/11
  8512 | D:9      | Found a shimmering blue altar of Sif Muna.
  8598 | D:9      | Noticed a two-headed ogre
  8615 | D:9      | Killed a two-headed ogre
  8616 | D:9      | Reached skill level 10 in Fighting
  8616 | D:9      | Reached skill level 13 in Ranged Weapons
  8962 | D:8      | Noticed Psyche
  8968 | D:8      | Killed Psyche
  9402 | D:8      | Noticed a two-headed ogre
  9531 | D:8      | HP: 1/91 [two-headed ogre/+0 giant spiked club (10)]
  9532 | D:8      | Killed a two-headed ogre
  9852 | D:9      | Killed from afar by an acid dragon

Illustrated notes

Levels and vault maps discovered:
D:1:      amcnicky_arrival_underground_garden, layout_loops_ring
D:2:      layout_loops_corners, serial_shops, shop
D:3:      layout_basic, grunt_dithmenos_smoke_and_mirrors, uniq_robin, uniq_ijyb
D:4:      nicolae_cairo_tiling_large, layout_loops_corners,
          minmay_temple_entry_tees, amcnicky_mini_corridor_feature,
          kennysheep_pointless_box, uniq_edmund, uniq_menkaure, uniq_duvessa
D:5:      layout_loops_corners
D:6:      layout_rooms, serial_shops, shop
D:7:      layout_loops_ring, kennysheep_crisscross
D:8:      layout_layer_cave, mainiacjoe_overflow_small_starburst, st_stairs_6,
          minmay_joined_circles, uniq_psyche
D:9:      nzn_winding_woodlands_stair_cross [nzn_winding_woodlands_5x15_pool,
          nzn_winding_woodlands_center_diamonds,
          nzn_winding_woodlands_5x15_pathside_ponds,
          nzn_winding_woodlands_hourglass, nzn_winding_woodlands_5x5_open_star,
          nzn_winding_woodlands_5x15_sawtooth,
          nzn_winding_woodlands_center_triple_pond,
          nzn_winding_woodlands_5x15_parted], layout_basic, led_sif_book,
          minmay_misc_feat_pillars
D:10:     gammafunk_indiana_jones, layout_gridville, ebering_ghost_inner_flame,
          st_stairs_12
D:11:     layout_roguey, grunt_lair_entry_orc_guard_hut,
          kennysheep_orc_monster_closet_entryway
Temple:   nicolae_temple_bog_church

Skill      XL: |  1  2  3  4  5  6  7  8  9 10 11 |
---------------+----------------------------------+-----
Ranged Weapons | 4 5 6 7 9 10 12 13 | 13.4
Fighting       | 3 4 5 6 8 9 10 | 10.3
Dodging        | |  1.7
Stealth        | |  0.7

Action                     |  1- 3 |  4- 6 |  7- 9 | 10-12 || total
---------------------------+-------+-------+-------+-------++-------
   Fire: Sling             |   164 |   244 |   664 |   550 ||  1622
  Evoke: Wand              |       |     6 |     3 |    19 ||    28
    Use: Scroll            |       |     6 |     9 |     5 ||    20
         Potion            |       |     1 |     3 |     8 ||    12
 Armour: Leather armour    |    10 |    47 |       |       ||    57
         Ring mail         |       |     9 |    14 |       ||    23
         Robe              |       |       |    79 |    64 ||   143
         Skin              |       |       |     1 |    46 ||    47
         Scale mail        |       |       |       |    56 ||    56
  Dodge: Dodged            |     4 |    43 |    79 |    64 ||   190

Table legend: (Time is in decaauts)
 A = Elapsed time spent in this place.
 B = Non-inter-level travel time spent in this place.
 C = Inter-level travel time spent in this place.
 D = Time resting spent in this place.
 E = Time spent auto-exploring this place.
 F = Levels seen in this place.
 G = Mean time per level.
                   A        B        C        D        E       F      G
               +--------+--------+--------+--------+--------+-----+--------+
         Total |   9842 |   9425 |    417 |    622 |   7188 |  12 |  820.2 |
       Dungeon |   9797 |   9422 |    375 |    622 |   7188 |  11 |  890.6 |
        Temple |     44 |      2 |     42 |      0 |      0 |   1 |   44.0 |
               +--------+--------+--------+--------+--------+-----+--------+

Top non-repeatable levels by time:
     D:4: 1342 daAuts
     D:5: 1181 daAuts
     D:9: 1169 daAuts
     D:7: 1157 daAuts
    D:10: 1046 daAuts
     D:2: 874 daAuts
     D:3: 856 daAuts
     D:8: 728 daAuts
     D:6: 641 daAuts
     D:1: 548 daAuts
    D:11: 251 daAuts
  Temple: 44 daAuts
